 Dungeon Crawl Stone Soup version 0.28-a0-1638-g9123634e07 (webtiles) character file.

Game seed: 8321082481440408795

184146 dolemite99 the Impaler (level 17, 0/137 HPs)
             Began as a Demonspawn Berserker on Jan 25, 2022.
             Was an Elder of Trog.
             Slain by a salamander (7 damage)
             ... on level 4 of the Snake Pit on Jan 26, 2022.
             The game lasted 01:04:49 (44727 turns).

dolemite99 the Impaler (Demonspawn Berserker)      Turns: 44727, Time: 01:04:50

Health: 0/137      AC: 20    Str: 22    XL:     17   Next: 76%
Magic:  17/17      EV: 10    Int:  8    God:    Trog [****..]
Gold:   337        SH: 13    Dex: 14    Spells: 16/16 levels left

rFire   + + .      SeeInvis .   z - +7 broad axe (chaos)
rCold   + + .      Faith    .   O - +2 shield of Resistance {rF++ rC++ Will++}
rNeg    . . .      Spirit   .   Q - +0 plate armour
rPois   +          Reflect  .   P - +2 helmet
rElec   +          Harm     .   (no cloak)
rCorr   +          Rampage  .   (gloves unavailable)
Will    +++..                   K - +1 pair of boots {Stlth+}
Stlth   ..........              q - amulet "Ximusic" {rElec rPois Regen+ rCorr Dex-3}
HPRegen 3.12/turn               y - +4 ring of slaying {=R}
MPRegen 0.15/turn               s - +4 ring of evasion

@: lethally poisoned (0 -> 0), constricted
A: repulsion field 2, icemail 1, powered by death 3, condensation shield,
demonic touch 3
a: Renounce Religion, Berserk, Trog's Hand, Brothers in Arms


You were on level 4 of the Snake Pit.
You worshipped Trog.
Trog was greatly pleased with you.
You visited 5 branches of the dungeon, and saw 31 of its levels.
You also visited: Bailey.

You collected 2758 gold pieces.
You spent 2421 gold pieces at shops.

Inventory:

Hand Weapons
 a - a +0 broad axe of freezing
 b - a +2 vampiric trident
 z - a +7 broad axe of chaos (weapon)
Missiles
 d - 818 stones
 n - 17 poisoned darts
 t - 7 curare-tipped darts
 x - 5 javelins
 C - 9 boomerangs (quivered)
 R - 125 sling bullets
 U - 2 throwing nets
Armour
 K - a +1 pair of boots of stealth (worn)
 O - the +2 shield of Resistance (worn) {rF++ rC++ Will++}
   (You bought it in a shop on level 4 of the Dungeon)

   rF:        It greatly protects you from fire.
   rC:        It greatly protects you from cold.
   Will:      It greatly increases your willpower.
 P - a +2 helmet (worn)
 Q - a +0 plate armour (worn)
Jewellery
 e - an amulet of reflection
 h - a +4 ring of evasion
 l - a +6 ring of dexterity
 q - the amulet "Ximusic" (around neck) {rElec rPois Regen+ rCorr Dex-3}
   (You found it on level 1 of the Lair of Beasts)

   [amulet of regeneration]

   Dex:       It affects your dexterity (-3).
   rElec:     It insulates you from electricity.
   rPois:     It protects you from poison.
   Regen:     It increases your rate of health regeneration.
   rCorr:     It protects you from acid and corrosion.
 s - a +4 ring of evasion (right hand)
 y - a +4 ring of slaying (left hand) {=R}
 B - a +4 ring of evasion
 J - a ring of ice
 N - a ring of positive energy
 W - the amulet of the Air {Inacc Air Fly rElec RMsl}
   (You found it on level 10 of the Dungeon)

   [amulet of nothing]

   It reduces the accuracy of all your attacks.
   It enhances your air magic.
   rElec:     It insulates you from electricity.
   Fly:       It grants you flight.
   RMsl:      It protects you from missiles.
Wands
 f - a wand of paralysis (4)
 S - a wand of flame (45)
 Y - a wand of polymorph (21)
Scrolls
 c - 2 scrolls of blinking
 g - 2 scrolls of fear
 i - 2 scrolls of teleportation
 k - a scroll of silence
 r - 7 scrolls of identify {@r1}
 T - a scroll of fog
Potions
 j - 3 potions of attraction
 m - 2 potions of magic
 o - 6 potions of flight
 A - a potion of cancellation
 E - 4 potions of curing
 M - a potion of ambrosia
 V - 3 potions of berserk rage


   Skills:
 + Level 13.6 Fighting
 - Level 14.2(17.7) Axes
 - Level 17.2(19.2) Polearms
 - Level 9.6 Throwing
 - Level 10.2 Armour
 - Level 1.7 Dodging
 - Level 9.4 Shields
 - Level 6.0 Evocations


You had 16 spell levels left.
You didn't know any spells.
Your spell library contained the following spells:

 Spells                   Type           Power      Damage    Failure   Level
 Shock                    Conj/Air       0%         1d3       100%        1
 Swiftness                Air            0%         N/A       100%        3
 Airstrike                Air            0%         N/A       100%        4


Dungeon Overview and Level Annotations

Branches:
Dungeon (15/15)            Temple (0/1) D:5            Lair (6/6) D:8
  Swamp (4/4) Lair:2        Snake (4/4) Lair:4        Slime (0/5) Lair:6
    Orc (2/2) D:12            Elf (0/3) Orc:2        Vaults (0/5) D:13
 Depths (0/4) D:15         Bailey (visited)

Altars:
Dithmenos
Elyvilon
Trog
Wu Jian
Beogh

Shops:
D:2 *   D:4 *[[*[!?   Orc:2 ****   Snake:1 !   Snake:2 ?*

Annotations:
D:7 1 exclusion
D:9 2 transporters, Maxmaps's ghost, novice FoFi
D:11 4 runed translucent doors, HallandMoats's ghost, journeyman GrFi
Lair:2 exclusion: 2 downstairs
Lair:4 2 transporters, taxman66's ghost, journeyman MiHu
Swamp:3 exclusion: oklob sapling
Snake:4 Vashnia


Innate Abilities, Weirdness & Mutations

You are surrounded by a moderate repulsion field. (EV +3)
A meltable icy envelope protects you from harm. (AC +0)
You regenerate a lot of health from kills.
A meltable shield of frost defends you. (SH +0)
Your touch may irresistibly damage your foes and sap their willpower.


Message History

The salamander hits you but does no damage. x2
The naga sharpshooter shoots an arrow.
The arrow hits you.
A naga sharpshooter comes into view. It is wielding a +0 glaive.
You see here 19 sling bullets.
You catch the helpless Vashnia completely off-guard!
You slice Vashnia!!
Vashnia's magic leaks into the air.
Vashnia is heavily wounded.
You slice the naga sharpshooter!!
The naga sharpshooter looks as sick as possible!
You slash the naga sharpshooter! You burn the naga sharpshooter.
Vashnia's magic is no longer disrupted.
The salamander misses you.
The salamander hits you but does no damage.
The naga sharpshooter casts a spell.
The naga sharpshooter magically shoots a bolt.
The bolt hits you! The bolt burns you.
The naga sharpshooter spits poison at you.
The splash of poison hits you but does no damage.
You are poisoned.
You resist.
The salamander hits you from afar with a +0 halberd!
You are engulfed in flames.
You resist.
You slash the naga sharpshooter!
The naga sharpshooter is moderately wounded.
You slice the naga sharpshooter!! You drain the naga sharpshooter!
You hit Vashnia.
You feel sick.
Vashnia seems less confused.
You block the salamander's attack. The salamander completely misses you.
The naga sharpshooter unwields a +0 shortbow.
The naga sharpshooter wields a +0 trident.
The naga sharpshooter hits you but does no damage.
The naga sharpshooter grabs you. The naga sharpshooter constricts you.
The naga sharpshooter shoots a bolt.
You block the bolt.
Vashnia unwields a +4 dire flail of protection.
Vashnia wields a +0 arbalest.
Vashnia shoots a bolt.
The bolt hits you!!
* * * LOW HITPOINT WARNING * * *
The naga sharpshooter casts a spell.
The naga sharpshooter magically shoots a bolt.
The bolt hits you!!
* * * LOW HITPOINT WARNING * * *
The salamander hits you from afar with a +0 halberd!
You die...

#### ...#
###...####
#.........
#.######## #N# ###
##.## # ..
#..=#)@)# ##...N
#...NNNN#####....S
#....NNN##.. .#.#
###...#S##N##... #
#####S##.#S.# ...
#N...#N##.N...
###..NNN......
#####....### ..###


You could see Vashnia, 5 naga sharpshooters, 3 salamanders and 2 mana vipers.

Vanquished Creatures
  Agnes (D:15)
  Gastronok (Lair:1)
  2 thorn hunters (Swamp:3)
  A fenstrider witch (Swamp:2)
  3 nagarajas
  Nessos (D:14)
  2 eleionomae (Swamp:1)
  2 bunyips (Swamp:3)
  2 shambling mangroves (Swamp:3)
  7 naga warriors
  5 vault guards (D:13)
  Harold (Orc:1)
  14 hydras
  A ghost crab (Swamp:2)
  4 boulder beetles
  A catoblepas (Lair:3)
  11 anacondas
  7 centaur warriors
  2 death knights
  5 two-headed ogres
  10 alligators
  A tengu warrior (D:14)
  12 naga sharpshooters
  Urug (Lair:2)
  6 death yaks
  6 shock serpents
  Nergalle (D:10)
  5 goliath frogs
  3 salamander mystics
  2 skeletal warriors (D:14)
  A fire crab (shapeshifter) (D:15)
  A death drake (Swamp:1)
  6 swamp dragons
  4 spriggan druids
  A wizard (D:15)
  6 bog bodies
  6 naga ritualists
  An orc knight (Orc:2)
  A necromancer (D:15)
  7 mana vipers
  A deep elf pyromancer (D:12)
  12 ugly things
  7 cyclopes
  An oklob plant (Swamp:3)
  9 orc sorcerers
  A wolf spider (D:15)
  8 salamanders
  8 slime creatures
  3 will-o-the-wisps
  4 manticores
  A manticore (shapeshifter) (D:15)
  7 elephants
  25 black mambas
  6 guardian serpents
  17 naga magi
  Maggie (D:7)
  A torpor snail (Lair:6)
  3 gargoyles
  22 cane toads
  10 komodo dragons
  A kobold demonologist (D:10)
  6 rime drakes
  4 freezing wraiths
  2 tengu conjurers
  A rime drake (shapeshifter) (D:14)
  A harpy zombie (D:15)
  3 meliai (D:13)
  A raiju (shapeshifter) (D:14)
  7 trolls
  A polar bear (Lair:3)
  6 hornets
  23 blink frogs
  9 tyrant leeches
  14 spriggans
  43 yaks
  3 wraiths
  3 wyverns
  A water elemental (D:14)
  6 humans (D:13)
  2 basilisks
  17 vampire mosquitoes
  30 nagas
  10 wargs
  23 water moccasins
  An acid dragon (D:12)
  11 swamp worms
  An ice beast (D:6)
  10 orc warriors
  A swamp drake (Swamp:1)
  A sky beast (D:7)
  4 necrophages
  9 wolves
  7 ogres
  20 centaurs
  2 phantoms
  4 kobold brigands
  20 bullfrogs
  2 gnoll sergeants
  A water moccasin zombie (D:5)
  A water moccasin skeleton (D:5)
  13 killer bees
  3 howler monkeys (D:9)
  5 wights (D:10)
  5 electric eels
  2 bullfrog zombies (D:6)
  2 hounds
  6 centaur zombies
  7 orc priests
  A bullfrog skeleton (D:5)
  2 gnoll shamans (D:6)
  Natasha (thrice) (D:2)
  4 centaur skeletons
  2 iguanas (D:6)
  33 orc wizards
  Terence (D:2)
  A hound skeleton (D:5)
  2 howler monkey zombies
  16 gnolls
  4 adders
  A shadow imp (D:5)
  2 ufetubi (D:6)
  A worm (D:4)
  An adder skeleton (D:4)
  3 dart slugs
  60 orcs
  7 endoplasms
  5 giant cockroaches
  3 goblins
  8 hobgoblins
  2 jackals (D:2)
  14 kobolds
  3 quokkas
  9 ball pythons
  3 bats
  5 frilled lizards
  6 rats
858 creatures vanquished.

Vanquished Creatures (collateral kills)
  Rupert (Lair:3)
  2 naga warriors
  2 naga sharpshooters (Snake:3)
  A naga ritualist (Snake:3)
  3 orc sorcerers (Orc:2)
  An ugly thing (D:14)
  A salamander (Snake:3)
  2 naga magi (Snake:1)
  2 slime creatures (D:13)
  Grinder (D:4)
  3 yaks (Lair:3)
  A vampire mosquito (D:13)
  4 nagas (Snake:3)
  A warg (Orc:2)
  3 orc warriors (Orc:2)
  An ogre (Orc:2)
  An orc priest (Orc:2)
  2 orc wizards (Orc:2)
  3 orcs (Orc:2)
35 creatures vanquished.

Vanquished Creatures (others)
  A spriggan (Swamp:2)
  A hornet (Swamp:2)
  A human (D:13)
  An orc (Orc:2)
  4 briar patches (Swamp:3)
  8 foxfires
  48 fungi
  140 plants
204 creatures vanquished.

Grand Total: 1097 creatures vanquished

Notes
Turn   | Place    | Note
-------+----------+-------------------------------------------
     0 | D:1      | dolemite99 the Demonspawn Berserker began the quest for the
                  | Orb.
     0 | D:1      | Reached XP level 1. HP: 18/18 MP: 1/1
   394 | D:1      | Reached skill level 3 in Polearms
   490 | D:1      | Gained mutation: Your touch may inflict minor irresistible
                  | damage on your foes. [demonic ancestry]
   490 | D:1      | Reached XP level 2. HP: 23/24 MP: 2/2
  1000 | D:2      | Found Soaciuk's General Store.
  1053 | D:2      | Bought a scroll of teleportation for 33 gold pieces
  1053 | D:2      | Bought a scroll of fear for 38 gold pieces
  1208 | D:2      | Noticed Terence
  1223 | D:2      | Killed Terence
  1224 | D:2      | Reached skill level 4 in Polearms
  1224 | D:2      | Gained mutation: A meltable shield of frost defends you.
                  | (SH +0) [demonic ancestry]
  1224 | D:2      | Reached XP level 3. HP: 28/29 MP: 3/3
  1618 | D:2      | Found the +1 Delatra's gloves {ID++}
  1695 | D:2      | Noticed Natasha
  1706 | D:2      | Killed Natasha
  1707 | D:2      | Gained mutation: Your touch may inflict irresistible damage
                  | on your foes. [demonic ancestry]
  1707 | D:2      | Reached XP level 4. HP: 28/35 MP: 4/4
  1716 | D:2      | Noticed Natasha
  2067 | D:2      | Reached ** piety under Trog
  2088 | D:2      | Killed Natasha
  2089 | D:2      | Reached skill level 5 in Polearms
  2293 | D:2      | Noticed Natasha
  2307 | D:2      | Killed Natasha
  2308 | D:2      | Gained mutation: You regenerate a little health from kills.
                  | [demonic ancestry]
  2308 | D:2      | Reached XP level 5. HP: 18/41 MP: 5/5
  3104 | D:3      | Found a faded altar of an unknown god.
  3627 | D:4      | Noticed an ogre
  3634 | D:4      | Killed an ogre
  3635 | D:4      | Reached skill level 6 in Polearms
  3853 | D:4      | Found Lofyneol's Magic Scroll Boutique.
  3854 | D:4      | Found Vyepros's Distillery.
  3856 | D:4      | Found Boruwiv's Assorted Antiques.
  3856 | D:4      | Found Ycwesol's Armour Emporium.
  3856 | D:4      | Found Tamomaph's Antique Armour Shoppe.
  3856 | D:4      | Found Zuelue's Antique Armour Boutique.
  3856 | D:4      | Noticed a necrophage
  3865 | D:4      | Killed a necrophage
  3866 | D:4      | Reached XP level 6. HP: 47/47 MP: 6/6
  4147 | D:4      | You fall into a shaft and drop 2 floors!
  4156 | D:5      | Entered Level 5 of the Dungeon
  4984 | D:4      | Reached skill level 7 in Polearms
  5136 | D:4      | Noticed Grinder
  5591 | D:4      | Found Gimoo's Goods Gallery.
  5614 | D:4      | Gained mutation: You regenerate health from kills. [demonic
                  | ancestry]
  5614 | D:4      | Reached XP level 7. HP: 52/52 MP: 7/7
  5631 | D:4      | Paralysed by Grinder for 3 turns
  5639 | D:4      | Bought a potion of curing for 36 gold pieces
  5639 | D:4      | Bought a potion of invisibility for 96 gold pieces
  5641 | D:4      | Bought a scroll of identify for 26 gold pieces
  5896 | D:4      | Paralysed by Grinder for 2 turns
  5906 | D:4      | Paralysed by Grinder for 7 turns
  5921 | D:4      | Killed Grinder
  5922 | D:4      | Reached skill level 8 in Polearms
  6584 | D:5      | Found a staircase to the Ecumenical Temple.
  6801 | D:5      | Reached skill level 9 in Polearms
  6801 | D:5      | Gained mutation: You are surrounded by a mild repulsion
                  | field. (EV +2) [demonic ancestry]
  6801 | D:5      | Reached XP level 8. HP: 52/58 MP: 8/8
  7439 | D:6      | Reached skill level 10 in Polearms
  7567 | D:6      | Reached skill level 11 in Polearms
  8170 | D:6      | Reached XP level 9. HP: 63/63 MP: 9/9
  8569 | D:4      | Bought a potion of curing for 87 gold pieces
  8705 | D:7      | Reached *** piety under Trog
  9062 | D:7      | Noticed Maggie
  9077 | D:7      | Killed Maggie
  9131 | D:7      | Found a shadowy altar of Dithmenos.
 10762 | D:4      | Bought a scroll labelled LORUEKH WAYCS for 29 gold pieces
 10936 | D:2      | Bought a scroll of identify for 22 gold pieces
 11249 | D:8      | Reached skill level 5 in Shields
 11343 | D:8      | Found a staircase to the Lair.
 11927 | D:9      | Noticed a two-headed ogre
 11953 | D:9      | Killed a two-headed ogre
 11954 | D:9      | Reached skill level 5 in Fighting
 11954 | D:9      | Gained mutation: A meltable icy envelope protects you from
                  | harm. (AC +0) [demonic ancestry]
 11954 | D:9      | Reached XP level 10. HP: 63/75 MP: 10/10
 12239 | D:9      | Found a transporter.
 12249 | D:9      | Noticed a cyclops
 12269 | D:9      | Killed a cyclops
 12420 | D:9      | Found a flagged portal.
 12443 | Bailey   | Entered a bailey
 12450 | Bailey   | Noticed an orc knight
 12556 | D:9      | Noticed Maxmaps's ghost (novice FoFi)
 12633 | D:9      | Reached skill level 1 in Throwing
 12657 | D:9      | Noticed a two-headed ogre
 12678 | D:9      | Killed a two-headed ogre
 12833 | D:9      | Found a transporter.
 13464 | D:4      | Bought a potion of curing for 36 gold pieces
 13490 | D:4      | Bought a scroll of identify for 58 gold pieces
 13717 | D:10     | Entered Level 10 of the Dungeon
 13781 | D:10     | Noticed Nergalle
 13803 | D:10     | Killed Nergalle
 13804 | D:10     | Reached skill level 5 in Throwing
 13959 | D:10     | Found the amulet of the Air {Inacc Air Fly rElec RMsl}
 14146 | D:10     | Noticed a sun demon
 14582 | D:10     | Reached XP level 11. HP: 81/82 MP: 11/11
 15268 | D:11     | Noticed a two-headed ogre
 15278 | D:11     | Killed a two-headed ogre
 15552 | D:11     | Found a runed translucent gate.
 15552 | D:11     | Found a runed translucent gate.
 15553 | D:11     | Found a runed translucent gate.
 15813 | D:11     | Noticed a four-headed hydra
 15829 | D:11     | Killed a four-headed hydra
 16121 | D:11     | Noticed a seven-headed hydra
 16135 | D:11     | Killed a seven-headed hydra
 16136 | D:11     | Reached skill level 5 in Armour
 16367 | D:11     | Noticed HallandMoats's ghost (journeyman GrFi)
 16954 | D:11     | Found a runed translucent door.
 16957 | D:11     | Noticed a four-headed hydra
 16957 | D:11     | Noticed a purple ugly thing
 17057 | D:12     | Noticed a two-headed ogre
 17073 | D:12     | Killed a two-headed ogre
 17176 | D:12     | Noticed a brown ugly thing
 17199 | D:12     | Killed a brown ugly thing
 17350 | D:12     | Noticed a deep elf pyromancer
 17358 | D:12     | Killed a deep elf pyromancer
 17598 | Lair:1   | Entered Level 1 of the Lair of Beasts
 17627 | Lair:1   | Noticed Gastronok
 17653 | Lair:1   | Killed Gastronok
 17732 | Lair:1   | Gained mutation: Your touch may irresistibly damage your
                  | foes and sap their willpower. [demonic ancestry]
 17732 | Lair:1   | Reached XP level 12. HP: 65/91 MP: 12/12
 17935 | Lair:1   | You fall into a shaft and drop 1 floor!
 17935 | Lair:2   | Noticed Urug
 18030 | Lair:1   | Reached skill level 10 in Armour
 18305 | Lair:1   | Noticed a six-headed hydra
 18335 | Lair:1   | Killed a six-headed hydra
 18536 | Lair:1   | Identified the amulet "Ximusic" {rElec rPois Regen+ rCorr
                  | Dex-3}
 18895 | Lair:1   | Reached skill level 1 in Evocations
 19274 | Lair:2   | Noticed a five-headed hydra
 19494 | Lair:2   | Killed a five-headed hydra
 19507 | Lair:2   | Reached skill level 5 in Evocations
 19558 | Lair:2   | Identified the +5 lajatang "Jitaevi" {vorpal, rElec Str+2}
 19585 | Lair:2   | Killed Urug
 19904 | Lair:2   | Found a staircase to the Swamp.
 20403 | Lair:3   | Noticed Rupert
 20504 | Lair:3   | Reached **** piety under Trog
 20785 | Lair:3   | Reached skill level 12 in Polearms
 20795 | Lair:3   | Gained mutation: You are surrounded by a moderate repulsion
                  | field. (EV +3) [demonic ancestry]
 20795 | Lair:3   | Reached XP level 13. HP: 89/99 MP: 13/13
 21322 | Lair:4   | Found a transporter.
 21331 | Lair:4   | Found a bloodstained altar of Trog.
 21331 | Lair:4   | Noticed taxman66's ghost (journeyman MiHu)
 21440 | Lair:4   | Found a transporter.
 21768 | Lair:4   | Found a staircase to the Snake Pit.
 21982 | Lair:4   | Reached skill level 13 in Polearms
 22880 | Lair:5   | Reached skill level 14 in Polearms
 23816 | Lair:6   | Entered Level 6 of the Lair of Beasts
 24019 | Lair:6   | Reached skill level 15 in Polearms
 24034 | Lair:6   | Found a frozen archway.
 24356 | Lair:6   | Reached ***** piety under Trog
 24357 | Lair:6   | Reached XP level 14. HP: 106/106 MP: 14/14
 24624 | Lair:6   | Reached skill level 16 in Polearms
 25247 | Lair:6   | Found a staircase to the Slime Pits.
 25923 | Lair:3   | Killed Rupert
 26004 | Lair:3   | Reached skill level 17 in Polearms
 26691 | D:4      | Bought the +2 shield of Resistance {rF++ rC++ Will++} for
                  | 843 gold pieces
 26691 | D:4      | Found the +2 shield of Resistance {rF++ rC++ Will++}
 27337 | D:12     | Found a staircase to the Orcish Mines.
 27575 | Orc:1    | Entered Level 1 of the Orcish Mines
 28126 | Orc:1    | Noticed Harold
 28145 | Orc:1    | Killed Harold
 28447 | Orc:2    | Entered Level 2 of the Orcish Mines
 29051 | Orc:2    | Found Goel's General Store.
 29051 | Orc:2    | Found Ytuthrid's Assorted Antiques.
 29120 | Orc:2    | Received a gift from Trog
 29149 | Orc:2    | Found Lualul's Assorted Antiques.
 29149 | Orc:2    | Found Yshaxiq's General Store.
 29212 | Orc:2    | Found a staircase to the Elven Halls.
 29640 | Orc:2    | Bought a pair of embroidered boots for 300 gold pieces
 29645 | Orc:2    | Bought a wand of iceblast (4) for 160 gold pieces
 29645 | Orc:2    | Bought a scroll of teleportation for 120 gold pieces
 29645 | Orc:2    | Bought a fuming amethyst potion for 36 gold pieces
 29706 | Orc:2    | Bought a runed jade ring for 110 gold pieces
 29728 | Orc:2    | Bought a scroll of magic mapping for 77 gold pieces
 29871 | D:13     | Reached XP level 15. HP: 105/112 MP: 15/15
 30337 | D:13     | Reached skill level 1 in Axes
 31043 | D:13     | Found a gate to the Vaults.
 31050 | D:13     | Found the +7 great mace "Firestarter" {inner flame, rF++}
 31229 | D:14     | Found an ornate altar of the Wu Jian Council.
 31267 | D:14     | Noticed Nessos
 31292 | D:14     | Killed Nessos
 31293 | D:14     | Reached skill level 5 in Axes
 32919 | D:15     | Entered Level 15 of the Dungeon
 32919 | D:15     | Noticed Agnes
 32935 | D:15     | Killed Agnes
 34151 | D:15     | Found a staircase to the Depths.
 34974 | Snake:1  | Entered Level 1 of the Snake Pit
 35479 | Snake:1  | Gained mutation: You regenerate a lot of health from kills.
                  | [demonic ancestry]
 35479 | Snake:1  | Reached XP level 16. HP: 71/120 MP: 16/16
 35778 | Snake:1  | Reached skill level 10 in Axes
 36565 | Snake:1  | Found Xor Qazxe's Distillery.
 36573 | Snake:1  | Bought a potion of heal wounds for 80 gold pieces
 37596 | Snake:2  | Found Xiaqaf's Magic Scroll Boutique.
 37602 | Snake:2  | Found Nautiot's Assorted Antiques.
 37684 | Snake:2  | Bought a scroll of fear for 126 gold pieces
 37695 | Snake:2  | Bought a scroll of teleportation for 54 gold pieces
 37695 | Snake:2  | Bought a scroll of teleportation for 54 gold pieces
 38784 | Swamp:1  | Entered Level 1 of the Swamp
 40468 | Swamp:2  | Reached XP level 17. HP: 58/126 MP: 17/17
 41414 | Swamp:4  | Entered Level 4 of the Swamp
 41938 | Swamp:3  | Reached skill level 10 in Fighting
 42176 | Swamp:3  | Paralysed by a hornet for 2 turns
 44631 | Snake:4  | Entered Level 4 of the Snake Pit
 44690 | Snake:4  | Noticed Vashnia
 44727 | Snake:4  | Slain by a salamander

Illustrated notes

Levels and vault maps discovered:
D:1:      lemuel_arrival_lava_pool, layout_basic, minmay_pentomino_s2
D:2:      layout_loops_ring, serial_shops, shop, hangedman_decor_growths,
          uniq_natasha, uniq_terence
D:3:      layout_basic, basic_ecumenical_altar
D:4:      layout_basic, nicolae_alphabet_shops, nicolae_wooded_promenade,
          uniq_grinder
D:5:      layout_basic, minmay_temple_entry_junction
D:6:      layout_rooms, cheibrodos_sewer_entry_drain
D:7:      layout_cave_pods, mainiacjoe_overflow_brackets, uniq_maggie
D:8:      layout_basic, lair_entry_dummy
D:9:      layout_gridville, gammafunk_ghost_hive, enter_bailey_4
D:10:     layout_loops_ring, uniq_nergalle
D:11:     layout_roguey, gammafunk_ghost_necromancy, lightli_airlock
D:12:     layout_basic, orc_0_dummy
D:13:     layout_roguey, ximxim_vaults_locker_room
D:14:     layout_gridville, nicolae_elyvilon_temple_path,
          nicolae_wu_jian_wuxing_cycle, uniq_nessos
D:15:     grunt_enter_depths_magical_seal, layout_basic, serial_bayou_pond_e,
          kb_rosetta, uniq_agnes
Lair:1:   layout_roguey, uniq_gastronok
Lair:2:   layout_cave_shapes, nicolae_swamp_entry_splash_gauntlet,
          infiniplex_staircase_pool, serial_bayou_shore_a, uniq_urug
Lair:3:   layout_cave_pods, chequers_serial_rivers_micro_e, uniq_rupert
Lair:4:   layout_cave_pods, minmay_snake_entry_six_corridors,
          gammafunk_ghost_wrathful_warriors
Lair:5:   layout_layer_cave, nicolae_volcano_entry_hallway,
          chequers_serial_rivers_small_b, st_stairs_4, lemuel_fruit_tree
Lair:6:   minmay_lair_end_frog_pond, layout_cave_pods, slime_dummy,
          portal_ice_cave_rime, serial_bayou_pond_e, wad_woods_01
Swamp:1:  layout_basic_swamp, evilmike_swamp_ruin_rubble_1, swamp_pool2,
          ldierk_geyser
Swamp:2:  layout_falls_marsh, serial_swamp_ruin, evilmike_swamp_ruin_house_5,
          evilmike_swamp_ruin_house_1
Swamp:3:  nicolae_swamp_phyte_club, layout_basic_swamp,
          evilmike_swamp_ruin_rubble_2, swamp_pool1, nicolae_swamp_big_swirl
Swamp:4:  swamp_vile, layout_basic_swamp, swamp_pool1
Snake:1:  layout_honeycomb, serial_shops, nicolae_shop_statue_plus,
          guppyfry_library_mini
Snake:2:  layout_honeycomb, minmay_shoptagon
Snake:3:  layout_cave_shapes
Snake:4:  johnstein_snake_rune_scales, layout_misc_corridors, uniq_vashnia
Orc:1:    layout_diamond_mine, uniq_harold
Orc:2:    st_orc_town, layout_diamond_mine

Skill      XL: |  1  2  3  4  5  6  7  8  9 10 11 12 13 14 15 16 17 |
---------------+----------------------------------------------------+-----
Polearms       | 3 4 5 6 7 9 11 12 15 17 | 17.2
Armour         | 2 4 9 10 | 10.2
Shields        | 5 8 9 |  9.4
Fighting       | 5 7 8 9 13 | 13.6
Throwing       | 6 8 9 |  9.6
Evocations     | 6 |  6.0
Axes           | 9 14 | 14.2
Dodging        | |  1.7

Action                   |  1- 3 |  4- 6 |  7- 9 | 10-12 | 13-15 | 16-18 || total
-------------------------+-------+-------+-------+-------+-------+-------++-------
Melee: Spear             |    67 |   108 |    22 |       |       |       ||   197
       Touch             |     9 |    23 |    36 |       |       |       ||    68
       Punch             |     1 |     1 |     3 |       |       |       ||     5
       Trident           |       |    25 |   375 |   750 |  1344 |   140 ||  2634
       Broad axe         |       |       |       |       |   137 |   756 ||   893
Throw: Stone             |    53 |    19 |       |       |    51 |       ||   123
       Javelin           |       |     2 |    25 |    11 |   163 |    15 ||   216
       Dart              |       |       |       |    22 |   162 |       ||   184
       Throwing net      |       |       |       |     1 |     2 |       ||     3
       Boomerang         |       |       |       |       |    14 |   169 ||   183
Invok: Berserk           |     2 |     7 |     4 |     9 |       |       ||    22
       Trog's Hand       |       |     1 |     8 |    12 |    18 |    28 ||    67
       Brothers in Arms  |       |       |       |       |     8 |     6 ||    14
Evoke: Wand              |       |       |       |    10 |    11 |    15 ||    36
  Use: Scroll            |       |     2 |    19 |     5 |    19 |    18 ||    63
       Potion            |       |       |     3 |     1 |     8 |     9 ||    21
 Stab: Sleeping          |     2 |       |       |       |       |       ||     2
       Invisible         |       |       |     6 |       |       |       ||     6
       Distracted        |       |       |       |       |     1 |       ||     1
       Paralysed         |       |       |       |       |     5 |     4 ||     9
       Confused          |       |       |       |       |       |     3 ||     3
Armor: Leather armour    |     7 |       |       |       |       |       ||     7
       Ring mail         |     3 |    37 |    10 |       |       |       ||    50
       Chain mail        |       |       |   119 |       |       |       ||   119
       Plate armour      |       |       |    39 |   359 |   414 |   355 ||  1167
Dodge: Dodged            |    25 |    50 |   132 |   222 |   259 |   279 ||   967
Block: Other             |     6 |    31 |    43 |       |       |       ||    80
       Buckler           |       |       |    76 |   302 |   150 |       ||   528
       Kite shield       |       |       |       |       |   486 |   788 ||  1274
       Reflection        |       |       |       |       |       |     1 ||     1

Table legend: (Time is in decaauts)
 A = Elapsed time spent in this place.
 B = Non-inter-level travel time spent in this place.
 C = Inter-level travel time spent in this place.
 D = Time resting spent in this place.
 E = Time spent auto-exploring this place.
 F = Levels seen in this place.
 G = Mean time per level.
                   A        B        C        D        E       F      G
               +--------+--------+--------+--------+--------+-----+--------+
         Total |  44349 |  40815 |   3534 |  14867 |  17070 |  32 | 1385.9 |
       Dungeon |  23761 |  21706 |   2055 |   9100 |   8889 |  15 | 1584.1 |
          Lair |   9552 |   8781 |    771 |   2283 |   4348 |   6 | 1592.0 |
         Swamp |   3483 |   3329 |    154 |   1301 |   1078 |   4 |  870.8 |
     Snake Pit |   5601 |   5181 |    420 |   2022 |   1762 |   4 | 1400.2 |
  Orcish Mines |   1931 |   1799 |    132 |    160 |    985 |   2 |  965.5 |
        Bailey |     18 |     18 |      0 |      0 |      6 |   1 |   18.0 |
               +--------+--------+--------+--------+--------+-----+--------+

Top non-repeatable levels by time:
 Snake:2: 2734 daAuts
     D:7: 2118 daAuts
     D:4: 2098 daAuts
     D:2: 1907 daAuts
     D:5: 1875 daAuts
    D:14: 1871 daAuts
 Snake:1: 1862 daAuts
  Lair:2: 1861 daAuts
  Lair:6: 1836 daAuts
     D:9: 1768 daAuts
    D:11: 1703 daAuts
    D:15: 1695 daAuts
  Lair:3: 1599 daAuts
  Lair:1: 1518 daAuts
  Lair:4: 1517 daAuts
